 Dungeon Crawl Stone Soup version 0.29.0-13-gc9e81de378 (webtiles) character file.

Game seed: 13055755435110975004

173 SnakkuSnakku7 the Cudgeller (level 5, -5/52 HPs)
             Began as an Ogre Enchanter on Sept 8, 2022.
             Slain by Crazy Yiuf
             ... wielding a +4 quarterstaff of chaos
              (17 damage)
             ... on level 3 of the Dungeon.
             The game lasted 00:06:15 (4656 turns).

SnakkuSnakku7 the Cudgeller (Ogre Enchanter)        Turns: 4656, Time: 00:06:16

Health: -5/52      AC:  3    Str: 12    XL:     5   Next: 53%
Magic:  8/8        EV: 10    Int: 16    God:
Gold:   63         SH:  0    Dex: 11    Spells: 8/8 levels left

rFire   + . .      SeeInvis .   a - +0 mace
rCold   . . .      Faith    .   (no shield)
rNeg    . . .      Spirit   .   b - +0 robe
rPois   .          Reflect  .   (helmet restricted)
rElec   .          Harm     .   (no cloak)
rCorr   .          Rampage  .   (gloves unavailable)
Will    .....                   (boots unavailable)
Stlth   ++........              (no amulet)
HPRegen 0.17/turn               p - ring of protection from fire
MPRegen 0.11/turn               (no ring)

@: no status effects
A: large, unfitting armour, tough skin 1
a: no special abilities


You were on level 3 of the Dungeon.
You visited 1 branch of the dungeon, and saw 3 of its levels.

You collected 63 gold pieces.

Inventory:

Hand Weapons
 a - a +0 mace (weapon)
 g - a +1 dagger
 i - a +0 whip
Missiles
 n - 4 poisoned darts (quivered)
Armour
 b - a +0 robe (worn)
Jewellery
 p - a ring of protection from fire (left hand)
Scrolls
 e - a scroll of vulnerability {unknown}
 f - a scroll of noise {unknown}
 h - 3 scrolls of identify {unknown}
 k - a scroll of fear {unknown}
 l - a scroll of magic mapping {unknown}
 m - a scroll of butterflies {unknown}
 r - a scroll of torment {unknown}
Potions
 c - 3 potions of invisibility
 d - 4 potions of curing
 o - a potion of magic {unknown}
 q - 2 potions of haste {unknown}


   Skills:
 - Level 2.8 Fighting
 - Level 0.8 Short Blades
 + Level 4.0 Maces & Flails
 + Level 0.1 Throwing
 - Level 1.7 Dodging
 - Level 2.1 Stealth
 - Level 2.4 Spellcasting
 - Level 2.6 Hexes


You had 8 spell levels left.
You didn't know any spells.
Your spell library contained the following spells:

 Spells                   Type           Power      Damage    Failure   Level
 Ensorcelled Hibernation  Hex/Ice        12%        N/A       17%         2
 Confusing Touch          Hex            10%        N/A       21%         3
 Tukima's Dance           Hex            10%        N/A       21%         3
 Dazzling Flash           Conj/Hex       12%        N/A       34%         3
 Fireball                 Conj/Fire      0%         3d3       99%         5
 Iskenderun's Battlesphe  Conj           1%         2d6       99%         5
 Conjure Ball Lightning   Conj/Air       0%         3x3d6     100%        6
 Dispersal                Tloc           0%         N/A       100%        6
 Orb of Destruction       Conj           0%         9d5       100%        7
 Disjunction              Tloc           0%         N/A       100%        8


Dungeon Overview and Level Annotations

Branches:
Dungeon (3/15)

Altars:
Elyvilon
Vehumet

Shops:
D:1 [

Annotations:
D:3 Crazy Yiuf


Innate Abilities, Weirdness & Mutations

You are too large for most types of armour.
You have tough skin. (AC +1)


Message History

Crazy Yiuf suddenly stops moving!
The now-empty wand crumbles to dust.
Unknown command.
The helpless Crazy Yiuf fails to defend himself.
You hit Crazy Yiuf but do no damage.
The helpless Crazy Yiuf fails to defend himself.
You hit Crazy Yiuf.
Crazy Yiuf is lightly wounded.
The helpless Crazy Yiuf fails to defend himself.
You hit Crazy Yiuf but do no damage.
Crazy Yiuf is lightly wounded.
The helpless Crazy Yiuf fails to defend himself.
You hit Crazy Yiuf.
Crazy Yiuf is lightly wounded.
The helpless Crazy Yiuf fails to defend himself.
You sock Crazy Yiuf!
Crazy Yiuf is severely wounded.
The helpless Crazy Yiuf fails to defend himself.
You hit Crazy Yiuf but do no damage.
Crazy Yiuf is severely wounded.
The helpless Crazy Yiuf fails to defend himself.
You hit Crazy Yiuf but do no damage.
Crazy Yiuf is severely wounded.
The helpless Crazy Yiuf fails to defend himself.
You hit Crazy Yiuf.
Crazy Yiuf is severely wounded.
The helpless Crazy Yiuf fails to defend himself.
You hit Crazy Yiuf.
Crazy Yiuf is almost dead.
Crazy Yiuf is no longer paralysed.
Crazy Yiuf screams, "Cholesterol verde bush!"
Crazy Yiuf hits you with a +4 quarterstaff of chaos! x2
You barely miss Crazy Yiuf.
Crazy Yiuf is almost dead.
Crazy Yiuf hits you with a +4 quarterstaff of chaos!
You are electrocuted!
* * * LOW HITPOINT WARNING * * *
You hit Crazy Yiuf.
Crazy Yiuf is almost dead.
Crazy Yiuf hits you with a +4 quarterstaff of chaos!
You die...

#.# #.#
####.#####
#.....#
#.###.#
##### #.#
#.# #).)#
#.# #.#
#)))# #.#
#.# ))) #.#
#.# #g# ####
#.# #.# ##@#
...###.# #.#
#)##
.......# #.#
##)#
...##### #.#
#)##
##########.#
##)##
.......)...#
#)..##
#########.##
#....# #.#
##..##
#.####....#


You could see Crazy Yiuf.

Vanquished Creatures
  Natasha (D:3)
  Terence (D:2)
  Robin (D:2)
  A gnoll (D:1)
  5 adders
  A worm (D:3)
  A dart slug (D:1)
  An orc (D:3)
  4 bats
  An endoplasm (D:2)
  5 giant cockroaches (D:1)
  8 hobgoblins
  5 kobolds
  A quokka (D:1)
  5 ball pythons
  3 frilled lizards (D:2)
  11 goblins
  4 rats
59 creatures vanquished.

Notes
Turn   | Place    | Note
-------+----------+-------------------------------------------
     0 | D:1      | SnakkuSnakku7 the Ogre Enchanter began the quest for the
                  | Orb.
     0 | D:1      | Reached XP level 1. HP: 16/16 MP: 3/3
   165 | D:1      | Reached skill level 1 in Fighting
   355 | D:1      | Reached XP level 2. HP: 22/28 MP: 5/5
   848 | D:1      | Found Gial's Antique Armour Shoppe.
  1173 | D:1      | Reached skill level 1 in Maces & Flails
  1173 | D:1      | Reached XP level 3. HP: 14/36 MP: 6/6
  1729 | D:2      | Noticed Robin
  1739 | D:2      | HP: 1/36 [goblin/+0 dagger[Robin] (5)]
  2158 | D:1      | Reached skill level 2 in Maces & Flails
  2380 | D:2      | Killed Robin
  2381 | D:2      | Reached XP level 4. HP: 28/44 MP: 7/7
  2801 | D:2      | Found a radiant altar of Vehumet.
  2826 | D:2      | Reached skill level 3 in Maces & Flails
  2844 | D:2      | Noticed Terence
  3367 | D:3      | Reached XP level 5. HP: 40/52 MP: 8/8
  3756 | D:2      | Killed Terence
  4117 | D:3      | Noticed Natasha
  4131 | D:3      | Killed Natasha
  4132 | D:3      | Reached skill level 4 in Maces & Flails
  4546 | D:3      | Found a white marble altar of Elyvilon.
  4640 | D:3      | Found a runed translucent door.
  4641 | D:3      | Noticed Crazy Yiuf
  4656 | D:3      | Slain by Crazy Yiuf

Illustrated notes

Levels and vault maps discovered:
D:1:      lightli_arrival_boilingwater, layout_loops_ring, serial_shops,
          nicolae_shop_trees
D:2:      layout_basic, basic_altar, uniq_terence, uniq_robin
D:3:      layout_loops_ring, elyvilon_altar_5, minmay_crystal_room,
          uniq_crazy_yiuf_cottage, uniq_natasha

Skill      XL: |  1  2  3  4  5 |
---------------+----------------+-----
Fighting       | 2 |  2.8
Maces & Flails | 1 2 3 4 |  4.0
Short Blades   | |  0.8
Throwing       | |  0.1
Dodging        | |  1.7
Stealth        | |  2.1
Spellcasting   | |  2.4
Hexes          | |  2.6

Action                   |  1- 3 |  4- 6 || total
-------------------------+-------+-------++-------
Melee: Dagger            |    94 |       ||    94
       Whip              |    18 |       ||    18
       Mace              |    58 |   140 ||   198
       Punch             |     1 |       ||     1
Evoke: Wand              |       |     2 ||     2
  Use: Potion            |     1 |     1 ||     2
 Stab: Sleeping          |     4 |     3 ||     7
       Invisible         |     1 |       ||     1
       Paralysed         |       |    18 ||    18
Armor: Robe              |    69 |    43 ||   112
Dodge: Dodged            |   118 |    64 ||   182
